 Dungeon Crawl Stone Soup version 0.31-a0-180-g519b7de00c (webtiles) character file.

Game seed: 14749878509021059745

534 qw the Shooter (level 7, -23/64 HPs)
             Began as a Naga Hunter on June 19, 2023.
             Annihilated by an ogre
             ... wielding a +0 giant spiked club
              (33 damage)
             ... on level 4 of the Dungeon.
             The game lasted 00:01:08 (3054 turns).

qw the Shooter (Naga Hunter)                        Turns: 3054, Time: 00:01:08

Health: -23/64     AC:  8    Str: 13      XL:     7   Next: 25%
Magic:  7/7        EV: 10    Int:  9      God:
Gold:   307        SH:  0    Dex: 16 (17) Spells: 6/6 levels left

rFire   . . .        Y - +2 shortbow
rCold   . . .        (shield currently unavailable)
rNeg    . . .        c - +0 leather armour
rPois   +            h - +0 helmet
rElec   .            (no cloak)
rCorr   .            (no gloves)
SInv    +            (no barding)
Will    .....        d - amulet of faith
Stlth   ++           j - +4 ring of protection
HPRegen 0.30/turn    e - +4 ring of slaying {mikee}
MPRegen 0.10/turn

%: faith
@: short of breath, very slow
A: AC +2, large, see invisible, deformed body, poison resistance, slowness 2,
spit poison 1, naga tail 1
a: Spit Poison


You were on level 4 of the Dungeon.
You visited 1 branch of the dungeon, and saw 5 of its levels.

You collected 307 gold pieces.


Innate Abilities, Weirdness & Mutations

Your serpentine skin is tough. (AC +2)
You have supernaturally acute eyesight. (SInv)
Armour fits poorly on your strangely shaped body.
Your system is resistant to poisons. (rPois)
You cover ground very slowly.
You can spit poison.
You have a snake-like lower body.


   Skills:
 - Level 4.1 Fighting
 + Level 6.9 Ranged Weapons
 - Level 1.9 Dodging
 - Level 1.5 Stealth


You had 6 spell levels left.
You didn't know any spells.
Your spell library was empty.

Inventory:

Hand Weapons
 Y - a +2 shortbow (weapon)
Armour
 c - a +0 leather armour (worn)
 h - a +0 helmet (worn)
Jewellery
 d - an amulet of faith (around neck)
 e - a +4 ring of slaying (right hand) {mikee}
 j - a +4 ring of protection (left hand)
 k - a ring of protection from fire
 l - an amulet of reflection
Scrolls
 i - 2 scrolls of identify
Potions
 b - a potion of curing
 f - a potion of might

Dungeon Overview and Level Annotations

Branches:
Dungeon (5/15)
 Temple: D:4-7

Altars:
Ashenzari
Dithmenos
Fedhas
Makhleb
Nemelex Xobeh
Qazlal

Annotations:
D:4 1 runed translucent door, qw's ghost, amateur GrHu
D:5 Blork the orc


Message History

Where to? (* - list waypoints, Enter - D:5, ? - help)
What level of the Dungeon? (default 1, ? - help) Qw's ghost turns its malevolent gaze towards you.
There is a stone staircase leading down here.
You climb downwards.
Level annotation: Blork the orc The orc barely misses you.
The ogre hits you with a +0 giant spiked club!!
The orc hits you but does no damage.
The orc wizard mumbles some strange words.
The orc wizard flickers and vanishes for a moment.
The orc priest invokes the aid of Beogh against you.
Pain shoots through your body!
There is a stone staircase leading up, spattered with blood here.
3050 ||| STAIRDANCE The ogre hits you with a +0 giant spiked club!
The orc hits you with a +1 dagger of venom.
The orc wizard barely misses you.
The orc priest hits you but does no damage.
You climb upwards.
Level annotation: 1 runed translucent door, qw's ghost, amateur GrHu
There is a stone staircase leading down here.
3052 ||| INVOKING Spit Poison.
Aiming: Spit Poison (1% risk of failure)
Press: ? - help, Shift-Dir - straight line, f - orc priest The splash of poison hits the orc priest but does no damage.
The orc priest hits you with a +0 flail.
The orc wizard hits you with a +0 dagger.
The ogre hits you with a +0 giant spiked club!
The orc barely misses you.
You shoot an arrow. The arrow hits the orc priest.
The orc priest is lightly wounded.
The orc priest completely misses you. The orc wizard casts a spell at you.
The magic dart hits you. The orc barely misses you.
You shoot an arrow. The arrow hits the orc priest!
The orc priest is severely wounded.
The ogre hits you with a +0 giant spiked club!!
Ouch! That really hurt!
You die...

#................#########.#
#........##.....#######.....
#....###.##.#...........####
#....# #.##.#.....#######
###..>.###.##.#(..#.# #######
#..........##.#...#.# #......
#........).#......#?# #......
#..........)O.#...#.# #......
#..........#o@o####.# #......
#..........#o...# #.# #......
#.............######## #......
#.............####¤#¤####.....
#########..##.##~~¤~~~~##.....
##..###.#}~.¤.¤.~}#.....
#.......##¤.._..~##.#.>.
##.....###}~¤....~}#.###.
######......####~~~.~~~##.....


You could see an ogre, an orc priest, an orc wizard (invisible) and an orc.

Vanquished Creatures
  An ice beast (D:4)
  A scorpion (D:4)
  2 hounds (D:3)
  A jelly (D:4)
  2 gnoll boudas
  4 iguanas
  5 adders
  A white imp (D:3)
  A worm (D:4)
  A dart slug (D:2)
  5 orcs
  13 endoplasms
  2 giant cockroaches
  7 goblins
  7 hobgoblins
  3 quokkas
  10 ball pythons
  5 bats
  3 frilled lizards
  9 kobolds
  A rat (D:3)
84 creatures vanquished.

Notes
Turn   | Place    | Note
-------+----------+-------------------------------------------
     0 | D:1      | qw the Naga Hunter began the quest for the Orb.
     0 | D:1      | Reached XP level 1. HP: 19/19 MP: 1/1
     0 | D:1      | 0 ||| qw: Version: 0.3-a-7-ge0c9b40
     0 | D:1      | 0 ||| qw: Game counter: 1106
     0 | D:1      | 0 ||| qw: Always use a shield: true
     0 | D:1      | 0 ||| qw: God list: Okawaru
     0 | D:1      | 0 ||| qw: Allow faded altars: false
     0 | D:1      | 0 ||| qw: Do Orc after D:15 true
     0 | D:1      | 0 ||| qw: Do second Lair branch before Depths: true
     0 | D:1      | 0 ||| qw: Lair rune preference: random
     0 | D:1      | 0 ||| qw: Plans: Normal
     0 | D:1      | 0 ||| PLANNING D:1-11
    20 | D:1      | 20 ||| INVOKING Spit Poison.
   136 | D:1      | 136 ||| INVOKING Spit Poison.
   151 | D:1      | 151 ||| INVOKING Spit Poison.
   162 | D:1      | 162 ||| INVOKING Spit Poison.
   339 | D:1      | 339 ||| INVOKING Spit Poison.
   342 | D:1      | Reached skill level 4 in Ranged Weapons
   342 | D:1      | Reached XP level 2. HP: 21/26 MP: 2/2
   375 | D:1      | 375 ||| INVOKING Spit Poison.
   425 | D:1      | 425 ||| INVOKING Spit Poison.
   445 | D:1      | Found a faded altar of an unknown god.
   556 | D:1      | 556 ||| READING 2 scrolls labelled CONTEYT DYCK.
   557 | D:1      | 557 ||| READING scroll of enchant weapon.
   557 | D:1      | 557 ||| ENCHANTING +1 shortbow.
   558 | D:1      | 558 ||| READING scroll labelled DAZXUPR HAGHI.
   562 | D:1      | 562 ||| READING scroll labelled CAAJIGG SONECH.
   563 | D:1      | 563 ||| READING 2 scrolls labelled USAOBREOMA.
   564 | D:1      | 564 ||| READING scroll labelled XULETE COSO.
   565 | D:1      | 565 ||| DRINKING 2 bubbling sapphire potions.
   566 | D:1      | 566 ||| DROPPING scroll of butterflies.
   567 | D:1      | 567 ||| DROPPING scroll of poison.
   585 | D:2      | 585 ||| INVOKING Spit Poison.
   593 | D:2      | 593 ||| INVOKING Spit Poison.
   653 | D:2      | 653 ||| INVOKING Spit Poison.
   665 | D:2      | 665 ||| INVOKING Spit Poison.
   674 | D:2      | 674 ||| INVOKING Spit Poison.
   679 | D:2      | HP: 5/26 [iguana (5)]
   680 | D:2      | 680 ||| DRINKING potion of heal wounds.
   681 | D:2      | 681 ||| INVOKING Spit Poison.
   682 | D:2      | Reached XP level 3. HP: 24/32 MP: 3/3
   854 | D:2      | 854 ||| INVOKING Spit Poison.
   897 | D:2      | Found a stormy altar of Qazlal.
   947 | D:2      | 947 ||| INVOKING Spit Poison.
   975 | D:2      | 975 ||| INVOKING Spit Poison.
  1062 | D:2      | 1062 ||| INVOKING Spit Poison.
  1068 | D:2      | 1068 ||| INVOKING Spit Poison.
  1070 | D:2      | Reached skill level 5 in Ranged Weapons
  1070 | D:2      | Reached XP level 4. HP: 39/39 MP: 4/4
  1105 | D:2      | 1105 ||| INVOKING Spit Poison.
  1279 | D:2      | 1279 ||| INVOKING Spit Poison.
  1354 | D:2      | 1354 ||| UPGRADING to amulet of faith.
  1359 | D:2      | 1359 ||| UPGRADING to +6 ring of strength.
  1360 | D:2      | 1360 ||| UPGRADING to +4 ring of slaying {mikee}.
  1383 | D:3      | 1383 ||| INVOKING Spit Poison.
  1393 | D:3      | 1393 ||| INVOKING Spit Poison.
  1399 | D:3      | 1399 ||| INVOKING Spit Poison.
  1402 | D:3      | Reached skill level 3 in Fighting
  1508 | D:3      | 1508 ||| INVOKING Spit Poison.
  1510 | D:3      | Reached XP level 5. HP: 49/49 MP: 5/5
  1534 | D:3      | Found a broken altar of Ashenzari.
  1542 | D:3      | 1542 ||| INVOKING Spit Poison.
  1678 | D:3      | 1678 ||| INVOKING Spit Poison.
  1683 | D:3      | 1683 ||| INVOKING Spit Poison.
  1783 | D:3      | 1783 ||| INVOKING Spit Poison.
  1788 | D:3      | Identified the +5 short sword "Yblul" {heavy, rPois Int+3}
  1986 | D:3      | 1986 ||| INVOKING Spit Poison.
  2001 | D:3      | 2001 ||| READING scroll labelled ONUMACH AWYCZA.
  2002 | D:3      | 2002 ||| DRINKING 2 ruby potions.
  2003 | D:3      | 2003 ||| DRINKING 2 fuming clear potions.
  2004 | D:3      | 2004 ||| DROPPING potion of degeneration.
  2032 | D:4      | 2032 ||| INVOKING Spit Poison.
  2033 | D:4      | 2033 ||| INVOKING Spit Poison.
  2037 | D:4      | 2037 ||| STAIRDANCE
  2039 | D:3      | 2039 ||| INVOKING Spit Poison.
  2043 | D:3      | Reached skill level 6 in Ranged Weapons
  2098 | D:4      | Reached XP level 6. HP: 56/56 MP: 6/6
  2112 | D:4      | Found a stormy altar of Qazlal.
  2114 | D:4      | Found a blossoming altar of Fedhas.
  2127 | D:4      | 2127 ||| INVOKING Spit Poison.
  2226 | D:4      | 2226 ||| INVOKING Spit Poison.
  2274 | D:4      | 2274 ||| INVOKING Spit Poison.
  2297 | D:4      | Found a burning altar of Makhleb.
  2329 | D:4      | 2329 ||| INVOKING Spit Poison.
  2379 | D:4      | Found a sparkling altar of Nemelex Xobeh.
  2384 | D:4      | 2384 ||| INVOKING Spit Poison.
  2402 | D:4      | 2402 ||| INVOKING Spit Poison.
  2449 | D:4      | Noticed an ice beast
  2450 | D:4      | 2450 ||| INVOKING Spit Poison.
  2457 | D:4      | 2457 ||| INVOKING Spit Poison.
  2458 | D:4      | 2458 ||| INVOKING Spit Poison.
  2466 | D:4      | Killed an ice beast
  2467 | D:4      | Reached XP level 7. HP: 23/64 MP: 7/7
  2467 | D:4      | 2467 ||| INVOKING Spit Poison.
  2469 | D:4      | HP: 12/64 [gnoll bouda/+0 club (5)]
  2470 | D:4      | 2470 ||| DRINKING potion of heal wounds.
  2471 | D:4      | 2471 ||| INVOKING Spit Poison.
  2474 | D:4      | 2474 ||| INVOKING Spit Poison.
  2687 | D:4      | Found a shadowy altar of Dithmenos.
  2747 | D:4      | Found a runed translucent door.
  2750 | D:4      | Noticed qw's ghost (amateur GrHu)
  2752 | D:4      | 2752 ||| UPGRADING to +0 helmet.
  2757 | D:4      | 2757 ||| UPGRADING to +4 ring of protection.
  2759 | D:4      | 2759 ||| DROPPING +6 ring of strength.
  2760 | D:4      | 2760 ||| READING scroll labelled KOUFRELAKO.
  2761 | D:4      | 2761 ||| DRINKING 2 cyan potions.
  2762 | D:4      | 2762 ||| DRINKING 4 smoky blue potions.
  2763 | D:4      | 2763 ||| DROPPING 3 potions of brilliance.
  2780 | D:5      | Entered Level 5 of the Dungeon
  2780 | D:5      | Noticed Blork the orc
  2781 | D:5      | 2781 ||| INVOKING Spit Poison.
  2782 | D:5      | 2782 ||| STAIRDANCE
  2784 | D:4      | 2784 ||| INVOKING Spit Poison.
  2841 | D:5      | 2841 ||| INVOKING Spit Poison.
  2844 | D:5      | 2844 ||| STAIRDANCE
  2848 | D:4      | HP: 13/64 [acid (9)]
  3050 | D:5      | 3050 ||| STAIRDANCE
  3052 | D:4      | 3052 ||| INVOKING Spit Poison.
  3052 | D:4      | HP: 15/64 [ogre/+0 giant spiked club (9)]
  3054 | D:4      | Annihilated by an ogre

Levels and vault maps discovered:
D:1:      roderic_chinese_lattice_arrival, layout_loops_cross,
          hellmonk_ecumenical_altar_pennies_from_heaven
D:2:      layout_loops_corners, basic_altar, grunt_ministairs_5,
          serial_bayou_pond_e
D:3:      layout_rooms, mainiacjoe_overflow_catwalk, minmay_increasing_density
D:4:      layout_rooms, gammafunk_temple_overflow_forgotten,
          lightli_temple_of_fire, nicolae_dithmenos_through_a_glass_darkly,
          ebering_ghost_reflecting_pool, small_statue_intersection,
          minmay_joined_circles
D:5:      minmay_evil_eye, layout_rooms, amethyst_overflow_temple_binary,
          minmay_temple_entry_hall, uniq_blork_the_orc

Skill      XL: |  1  2  3  4  5  6 |
---------------+-------------------+-----
Ranged Weapons | 4 5 6 |  6.9
Fighting       | 3 4 |  4.1
Dodging        | |  1.9
Stealth        | |  1.5

Action                     |  1- 3 |  4- 6 |  7- 9 || total
---------------------------+-------+-------+-------++-------
   Fire: Shortbow          |    37 |    85 |    16 ||   138
Ability: Spit Poison       |    18 |    21 |     7 ||    46
    Use: Scroll            |     6 |     1 |     1 ||     8
         Potion            |     2 |     2 |     3 ||     7
 Armour: Leather armour    |     1 |    16 |     4 ||    21
  Dodge: Dodged            |     7 |    11 |    11 ||    29

Table legend:
 A = Non-vault XP
 B = Vault XP
 C = Vault XP percentage of total XP
 D = Non-vault monster count
 E = Vault monster count
 F = Vault count percentage of total count
                 A         B        C        D         E       F
            +---------+---------+-------+---------+---------+-------
      Total |     468 |     296 |  38.7 |      65 |      19 |  22.6
            +---------+---------+-------+---------+---------+-------
        D:1 |      14 |       0 |   0.0 |       9 |       0 |   0.0
        D:2 |      81 |       3 |   3.6 |      19 |       2 |   9.5
        D:3 |     137 |      68 |  33.2 |      21 |       9 |  30.0
        D:4 |     233 |     225 |  49.1 |      15 |       8 |  34.8
        D:5 |       3 |       0 |   0.0 |       1 |       0 |   0.0
            +---------+---------+-------+---------+---------+-------
